Senators vs MapleLeafs

Created - 19 septembre 2017 at 17:15

Simulating a Pre-Season

Goals
1 2 3 T
Senators 2 1 1 4
MapleLeafs 0 1 1 2
Shots
1 2 3 T
Senators 19 10 12 41
MapleLeafs 18 8 19 45

1st period

1. Senators , Tyler Seguin 1 (Mike Hoffman 1, Zbynek Michalek 2) at 3:56
2. Senators , Mike Hoffman 2 (Jason Garrison 1, Tyler Seguin 2) at 8:31

Penalties :
Kevin Bieksa (OTT) for Cross-checking (Minor) at 9:09, Michael Stone (OTT) for Holding (Minor) at 13:20

2nd period

3. Senators , Brayden Schenn 1 (Jason Garrison 2, Kevin Bieksa 2) at 8:24
4. MapleLeafs , Scott Laughton 1 (Jordan Staal 1, Reilly Smith 1) at 12:58

Penalties :
Milan Lucic (TOR) for Fighting (Major) at 18:35, Brayden Schenn (OTT) for Fighting (Major) at 18:35

3rd period

5. Senators , Mike Hoffman 3 (Tyler Seguin 3) at 2:59
6. MapleLeafs , Jordan Staal 1 (Alexey Marchenko 1, David Krejci 1) at 16:13 (PP)

Penalties :
Jason Garrison (OTT) for Interference (Minor) at 4:23, Derick Brassard (OTT) for Hooking (Minor) at 15:14, Brent Seabrook (TOR) for Interference (Minor) at 17:42

Goalie Stats

Tuukka Rask (OTT), 43 saves from 45 shots - (0.956), W, 2-0-0, 60:00 minutes
Craig Anderson (TOR), 37 saves from 41 shots - (0.902), L, 0-1-0, 60:00 minutes

Players Stats for Senators

Player Name              G  A  P  +/- PIM S  H  SB GA TA FO     MP     PP MP  PK MP  
------------------------------------------------------------------------------------
Anton Lander             0  0  0   0  0   3  1  0  0  0  14/26  18:59   0:00   2:48 
Bobby Ryan               0  0  0   3  0   3  1  0  0  0  3/4    17:56   0:59   0:00 
Brayden Schenn           1  0  1   0  5   7  1  0  0  0  2/4    16:48   1:00   0:22 
Derick Brassard          0  0  0   0  2   3  2  0  0  0  20/35  21:37   0:59   3:28 
Drew Doughty             0  0  0  -1  0   2  1  2  0  0  0/0    24:07   0:42   2:42 
Drew Miller              0  0  0   0  0   2  3  0  0  0  1/2    14:17   0:00   2:50 
Jason Garrison           0  2  2   3  2   1  0  0  0  0  0/0    20:29   0:54   2:13 
Jussi Jokinen            0  0  0   0  0   0  0  0  0  0  0/0     5:30   0:00   0:00 
Kevin Bieksa             0  1  1   2  2   1  0  1  0  0  0/0     9:41   0:00   0:22 
Lauri Korpikoski         0  0  0   0  0   3  0  0  0  0  0/2    11:27   0:00   0:00 
Marc Methot              0  0  0  -1  0   0  1  5  0  0  0/0    24:08   1:05   3:33 
Mark Stone               0  0  0   0  0   1  1  0  0  0  1/1    18:11   1:00   0:00 
Matt Puempel             0  0  0   0  0   0  0  0  0  0  0/0     6:12   0:00   0:00 
Michael Stone            0  0  0   1  2   3  2  1  0  0  0/0    18:39   1:17   2:11 
Mike Hoffman             2  1  3   3  0   7  1  0  0  0  0/0    17:56   0:59   0:00 
Milan Michalek           0  0  0   0  0   0  0  0  0  0  0/0     5:44   0:00   4:24 
Tyler Seguin             1  2  3   3  0   4  3  0  0  0  10/23  20:27   1:00   0:00 
Zbynek Michalek          0  1  1   2  0   1  0  1  0  0  0/0    20:51   0:00   2:51 

Players Stats for MapleLeafs

Player Name              G  A  P  +/- PIM S  H  SB GA TA FO     MP     PP MP  PK MP  
------------------------------------------------------------------------------------
Alexei Emelin            0  0  0   1  0   0  1  1  0  0  0/0    16:10   0:00   0:48 
Alexey Marchenko         0  1  1  -3  0   1  1  2  0  0  0/0    20:56   3:53   0:39 
Andreas Athanasiou       0  0  0  -1  0   6  0  0  0  0  0/1    17:14   3:06   0:00 
Anthony Mantha           0  0  0   0  0   2  1  0  0  0  0/1    15:31   2:33   0:00 
Brandon Montour          0  0  0   1  0   1  0  0  0  0  0/0    18:49   3:03   1:08 
Brent Seabrook           0  0  0  -3  2   3  3  0  0  0  0/0    20:50   3:53   0:00 
David Krejci             0  1  1   0  0   4  0  0  0  0  10/23  17:06   0:52   0:00 
Joonas Donskoi           0  0  0  -2  0   0  0  0  0  0  0/1    10:06   0:00   0:00 
Jordan Staal             1  1  2   0  0   7  1  0  0  0  17/23  16:39   3:50   0:00 
Karl Alzner              0  0  0  -1  0   2  1  2  0  0  0/0    20:30   0:00   1:11 
Lawson Crouse            0  0  0  -2  0   2  2  0  0  0  0/1    11:02   0:00   0:56 
Mikael Backlund          0  0  0  -2  0   4  1  0  0  0  9/15   11:02   0:00   0:56 
Milan Lucic              0  0  0  -1  5   1  2  0  0  0  0/1    16:03   3:50   0:00 
Nazem Kadri              0  0  0  -1  0   3  2  0  0  0  10/29  19:28   3:31   1:03 
Nick Leddy               0  0  0  -1  0   1  1  1  0  0  0/0    22:44   3:03   0:12 
Reilly Smith             0  1  1   0  0   3  0  0  0  0  0/0    13:52   0:00   1:03 
Richard Panik            0  0  0   0  0   4  4  0  0  0  0/2    17:08   3:06   0:00 
Scott Laughton           1  0  1   0  0   1  1  0  0  0  0/0    12:49   0:00   0:00 

3 Stars

1 - Mike Hoffman (OTT)
2 - Tyler Seguin (OTT)
3 - Tuukka Rask (OTT)

Power Play

Senators - 0 on 1 Attempt(s) - 0.00%
MapleLeafs - 1 on 4 Attempt(s) - 25.00%

Penalty Kill

Senators - 3 on 4 Attempt(s) - 75.00% - Score 0 goal in Penalty Kill
MapleLeafs - 1 on 1 Attempt(s) - 100.00% - Score 0 goal in Penalty Kill

Team Stat

Senators - Hits : 17 - Faceoff Wins : 51 - Blocked Shots : 10 - Penalty Minutes : 13
MapleLeafs - Hits : 21 - Faceoff Wins : 46 - Blocked Shots : 6 - Penalty Minutes : 7

Official

Referees : Dennis LaRue and Tim Peel
Linesman : Tony Sericolo and Matt MacPherson

Game Notes

Kevin Bieksa is injured at 13:16 of 2nd period (Bruised Left Arm)
Brayden Schenn beats up Milan Lucic at 18:35 of 2nd period
Anthony Mantha is injured at 15:10 of 3rd period (Bruised Right Shoulder)

% Time on Ice - Senators

Lines # - Real PCT - Wanted PCT - Time Play
Normal Forward
1 - 34% - 35% - 17:11
2 - 33% - 35% - 16:57
3 - 22% - 20% - 11:27
4 - 11% - 10% - 5:30
Normal Defense
1 - 35% - 34% - 17:41
2 - 27% - 32% - 13:55
3 - 27% - 24% - 13:59
4 - 11% - 10% - 5:30
PP Forward
1 - 50% - 50% - 1:00
2 - 50% - 50% - 0:59
PP Defense
1 - 35% - 50% - 0:42
2 - 65% - 50% - 1:17
PK Forward
1 - 36% - 50% - 2:29
2 - 64% - 50% - 4:27
PK Defense
1 - 49% - 50% - 3:23
2 - 51% - 50% - 3:33
PK3 Forward
1 - 0% - 50%
2 - 0% - 50%
PK3 Defense
1 - 0% - 50%
2 - 0% - 50%
44 Forward
1 - 0% - 52%
2 - 0% - 48%
44 Defense
1 - 0% - 52%
2 - 0% - 48%
Last Minute Offensive  - 0:00
Last Minute Defensive  - 0:00
Total
Forward - 60:00
Defense - 60:00

% Time on Ice - MapleLeafs

Lines # - Real PCT - Wanted PCT - Time Play
Normal Forward
1 - 28% - 32% - 14:08
2 - 27% - 30% - 14:02
3 - 25% - 24% - 12:49
4 - 20% - 14% - 10:06
Normal Defense
1 - 38% - 38% - 19:29
2 - 33% - 34% - 16:58
3 - 29% - 28% - 14:38
4 - 0% - 0% - 0:00
PP Forward
1 - 55% - 54% - 3:50
2 - 45% - 46% - 3:06
PP Defense
1 - 44% - 54% - 3:03
2 - 56% - 46% - 3:53
PK Forward
1 - 53% - 52% - 1:03
2 - 47% - 48% - 0:56
PK Defense
1 - 33% - 52% - 0:39
2 - 67% - 48% - 1:20
PK3 Forward
1 - 0% - 52%
2 - 0% - 48%
PK3 Defense
1 - 0% - 52%
2 - 0% - 48%
44 Forward
1 - 0% - 51%
2 - 0% - 49%
44 Defense
1 - 0% - 52%
2 - 0% - 48%
Last Minute Offensive  - 0:00
Last Minute Defensive  - 0:00
Total
Forward - 60:00
Defense - 60:00

Play by Play

1st period


0:01 of 1st period - Nazem Kadri wins face-off versus Derick Brassard in neutral zone.
0:14 of 1st period - Icing by Brayden Schenn.
0:15 of 1st period - David Krejci wins face-off versus Derick Brassard in Senators zone.
0:18 of 1st period - Shot by Anthony Mantha.
0:18 of 1st period - Stopped by Tuukka Rask with a rebound.
0:26 of 1st period - Shot by Anthony Mantha.
0:26 of 1st period - Stopped by Tuukka Rask without a rebound.
0:27 of 1st period - Jordan Staal wins face-off versus Tyler Seguin in Senators zone.
0:36 of 1st period - Shot by Reilly Smith.
0:36 of 1st period - Stopped by Tuukka Rask without a rebound.
0:37 of 1st period - Anton Lander wins face-off versus Lawson Crouse in Senators zone.
0:37 of 1st period - Anton Lander is hit by Lawson Crouse.
0:48 of 1st period - Icing by Lawson Crouse.
0:49 of 1st period - Mikael Backlund wins face-off versus Tyler Seguin in MapleLeafs zone.
0:56 of 1st period - Shot by Joonas Donskoi.
0:56 of 1st period - Shot Misses the Net.
1:10 of 1st period - Shot by Mikael Backlund.
1:10 of 1st period - Shot Misses the Net.
1:12 of 1st period - Shot by Mikael Backlund.
1:12 of 1st period - Shot Misses the Net.
1:38 of 1st period - Shot by David Krejci.
1:38 of 1st period - Stopped by Tuukka Rask without a rebound.
1:39 of 1st period - Nazem Kadri wins face-off versus Anton Lander in Senators zone.
1:48 of 1st period - Shot by Andreas Athanasiou.
1:48 of 1st period - Stopped by Tuukka Rask without a rebound.
1:49 of 1st period - Jordan Staal wins face-off versus Derick Brassard in Senators zone.
2:56 of 1st period - Shot by Andreas Athanasiou.
2:56 of 1st period - Stopped by Tuukka Rask with a rebound.
3:00 of 1st period - Shot by Milan Lucic.
3:00 of 1st period - Shot Blocked by Drew Doughty.
3:02 of 1st period - Shot by Andreas Athanasiou.
3:02 of 1st period - Shot Misses the Net.
3:26 of 1st period - David Krejci is hit by Drew Miller and loses puck.
3:35 of 1st period - Shot by Drew Miller.
3:35 of 1st period - Stopped by Craig Anderson with a rebound.
3:37 of 1st period - Shot by Anton Lander.
3:37 of 1st period - Stopped by Craig Anderson without a rebound.
3:38 of 1st period - Mikael Backlund wins face-off versus Tyler Seguin in MapleLeafs zone.
3:44 of 1st period - Shot by Bobby Ryan.
3:44 of 1st period - Stopped by Craig Anderson with a rebound.
3:56 of 1st period - Shot by Tyler Seguin.
3:56 of 1st period - Goal by Tyler Seguin - Senators : 1 - MapleLeafs : 0.
3:57 of 1st period - Anton Lander wins face-off versus Jordan Staal in neutral zone.
4:04 of 1st period - Shot by Jussi Jokinen.
4:04 of 1st period - Shot Blocked by Alexey Marchenko.
4:12 of 1st period - Shot by Anton Lander.
4:12 of 1st period - Stopped by Craig Anderson with a rebound.
4:27 of 1st period - Shot by Jussi Jokinen.
4:27 of 1st period - Deflect By Anton Lander.
4:27 of 1st period - Stopped by Craig Anderson with a rebound.
4:29 of 1st period - Shot by Anton Lander.
4:29 of 1st period - Shot Hit the Post.
4:47 of 1st period - Shot by Mike Hoffman.
4:47 of 1st period - Stopped by Craig Anderson with a rebound.
4:51 of 1st period - Shot by Mike Hoffman.
4:51 of 1st period - Stopped by Craig Anderson with a rebound.
4:53 of 1st period - Shot by Mike Hoffman.
4:53 of 1st period - Shot Misses the Net.
4:55 of 1st period - Shot by Tyler Seguin.
4:55 of 1st period - Stopped by Craig Anderson with a rebound.
4:57 of 1st period - Shot by Michael Stone.
4:57 of 1st period - Stopped by Craig Anderson without a rebound.
4:58 of 1st period - Anton Lander wins face-off versus David Krejci in MapleLeafs zone.
5:06 of 1st period - Shot by Zbynek Michalek.
5:06 of 1st period - Stopped by Craig Anderson with a rebound.
5:08 of 1st period - Shot by Michael Stone.
5:08 of 1st period - Shot Blocked by Alexei Emelin.
5:10 of 1st period - Shot by Anton Lander.
5:10 of 1st period - Deflect By Lauri Korpikoski.
5:10 of 1st period - Shot Misses the Net.
5:12 of 1st period - Shot by Michael Stone.
5:12 of 1st period - Stopped by Craig Anderson without a rebound.
5:13 of 1st period - Nazem Kadri wins face-off versus Tyler Seguin in MapleLeafs zone.
5:40 of 1st period - Shot by Andreas Athanasiou.
5:40 of 1st period - Stopped by Tuukka Rask without a rebound.
5:41 of 1st period - Derick Brassard wins face-off versus David Krejci in Senators zone.
6:20 of 1st period - Shot by Brayden Schenn.
6:20 of 1st period - Stopped by Craig Anderson with a rebound.
6:22 of 1st period - Shot by Derick Brassard.
6:22 of 1st period - Stopped by Craig Anderson without a rebound.
6:23 of 1st period - Anton Lander wins face-off versus Nazem Kadri in MapleLeafs zone.
6:33 of 1st period - Icing by Karl Alzner.
6:34 of 1st period - Tyler Seguin wins face-off versus Nazem Kadri in MapleLeafs zone.
6:40 of 1st period - Andreas Athanasiou is hit by Tyler Seguin and loses puck.
6:45 of 1st period - Kevin Bieksa is hit by Milan Lucic and loses puck.
6:56 of 1st period - Shot by Nazem Kadri.
6:56 of 1st period - Shot Misses the Net.
6:58 of 1st period - Shot by Andreas Athanasiou.
6:58 of 1st period - Shot Misses the Net.
7:04 of 1st period - Shot by Nazem Kadri.
7:04 of 1st period - Stopped by Tuukka Rask without a rebound.
7:05 of 1st period - Anton Lander wins face-off versus Mikael Backlund in Senators zone.
7:05 of 1st period - Anton Lander is hit by Lawson Crouse.
7:12 of 1st period - Drew Miller is hit by Brent Seabrook and loses puck.
7:23 of 1st period - Shot by Lawson Crouse.
7:23 of 1st period - Shot Hit the Post.
7:32 of 1st period - Icing by Anton Lander.
7:33 of 1st period - Anton Lander wins face-off versus David Krejci in Senators zone.
8:02 of 1st period - Shot by Tyler Seguin.
8:02 of 1st period - Shot Misses the Net.
8:04 of 1st period - Shot by Kevin Bieksa.
8:04 of 1st period - Stopped by Craig Anderson without a rebound.
8:05 of 1st period - Nazem Kadri wins face-off versus Derick Brassard in MapleLeafs zone.
8:15 of 1st period - Shot by Brayden Schenn.
8:15 of 1st period - Stopped by Craig Anderson without a rebound.
8:16 of 1st period - Bobby Ryan wins face-off versus Jordan Staal in MapleLeafs zone.
8:17 of 1st period - Shot by Tyler Seguin.
8:17 of 1st period - Shot Misses the Net.
8:19 of 1st period - Shot by Jason Garrison.
8:19 of 1st period - Shot Misses the Net.
8:27 of 1st period - Shot by Mike Hoffman.
8:27 of 1st period - Shot Misses the Net.
8:29 of 1st period - Shot by Jason Garrison.
8:29 of 1st period - Shot Misses the Net.
8:31 of 1st period - Shot by Mike Hoffman.
8:31 of 1st period - Goal by Mike Hoffman - Senators : 2 - MapleLeafs : 0.
8:32 of 1st period - Derick Brassard wins face-off versus Nazem Kadri in neutral zone.
8:56 of 1st period - Shot by Nazem Kadri.
8:56 of 1st period - Shot Misses the Net.
9:06 of 1st period - Shot by Milan Lucic.
9:06 of 1st period - Stopped by Tuukka Rask with a rebound.
9:08 of 1st period - Shot by Karl Alzner.
9:08 of 1st period - Stopped by Tuukka Rask without a rebound.
9:09 of 1st period - David Krejci wins face-off versus Anton Lander in Senators zone.
9:09 of 1st period - Minor Penalty to Kevin Bieksa for Cross-checking.
9:10 of 1st period - Anton Lander wins face-off versus Milan Lucic in Senators zone.
9:35 of 1st period - Shot by Brent Seabrook.
9:35 of 1st period - Stopped by Tuukka Rask with a rebound.
9:37 of 1st period - Shot by Brent Seabrook.
9:37 of 1st period - Stopped by Tuukka Rask without a rebound.
9:38 of 1st period - Nazem Kadri wins face-off versus Anton Lander in Senators zone.
10:46 of 1st period - Off-side.
10:47 of 1st period - Anton Lander wins face-off versus Jordan Staal in neutral zone.
11:04 of 1st period - Michael Stone is hit by Milan Lucic and loses puck.
11:15 of 1st period - Shot by Mikael Backlund.
11:15 of 1st period - Shot Misses the Net.
11:17 of 1st period - Shot by Mikael Backlund.
11:17 of 1st period - Stopped by Tuukka Rask without a rebound.
11:18 of 1st period - Mikael Backlund wins face-off versus Tyler Seguin in Senators zone.
11:58 of 1st period - Tyler Seguin is hit by Nick Leddy and loses puck.
12:19 of 1st period - Shot by Jordan Staal.
12:19 of 1st period - Stopped by Tuukka Rask without a rebound.
12:20 of 1st period - Derick Brassard wins face-off versus David Krejci in Senators zone.
12:33 of 1st period - Shot by Brayden Schenn.
12:33 of 1st period - Stopped by Craig Anderson without a rebound.
12:34 of 1st period - Nazem Kadri wins face-off versus Anton Lander in MapleLeafs zone.
12:54 of 1st period - Shot by Nazem Kadri.
12:54 of 1st period - Shot Misses the Net.
12:56 of 1st period - Shot by Milan Lucic.
12:56 of 1st period - Shot Misses the Net.
12:58 of 1st period - Shot by Brandon Montour.
12:58 of 1st period - Deflect By Andreas Athanasiou.
12:58 of 1st period - Stopped by Tuukka Rask without a rebound.
12:59 of 1st period - Derick Brassard wins face-off versus David Krejci in Senators zone.
13:12 of 1st period - Nick Leddy is hit by Michael Stone and loses puck.
13:16 of 1st period - Anthony Mantha is hit by Michael Stone and loses puck.
13:20 of 1st period - Minor Penalty to Michael Stone for Holding.
13:21 of 1st period - Derick Brassard wins face-off versus Anthony Mantha in Senators zone.
15:05 of 1st period - Icing by Brent Seabrook.
15:06 of 1st period - Anton Lander wins face-off versus Jordan Staal in MapleLeafs zone.
15:10 of 1st period - Icing by Brent Seabrook.
15:11 of 1st period - Jordan Staal wins face-off versus Derick Brassard in MapleLeafs zone.
15:36 of 1st period - Shot by Mikael Backlund.
15:36 of 1st period - Stopped by Tuukka Rask without a rebound.
15:37 of 1st period - Anton Lander wins face-off versus David Krejci in Senators zone.
16:19 of 1st period - Shot by Reilly Smith.
16:19 of 1st period - Shot Misses the Net.
16:21 of 1st period - Shot by Reilly Smith.
16:21 of 1st period - Shot Misses the Net.
17:01 of 1st period - Shot by Milan Lucic.
17:01 of 1st period - Shot Misses the Net.
17:17 of 1st period - Shot by Milan Lucic.
17:17 of 1st period - Shot Blocked by Marc Methot.
17:21 of 1st period - Shot by Milan Lucic.
17:21 of 1st period - Shot Misses the Net.
17:27 of 1st period - Shot by Milan Lucic.
17:27 of 1st period - Shot Misses the Net.
17:29 of 1st period - Shot by Brent Seabrook.
17:29 of 1st period - Shot Blocked by Marc Methot.
17:49 of 1st period - Shot by Joonas Donskoi.
17:49 of 1st period - Shot Misses the Net.
17:51 of 1st period - Shot by Mikael Backlund.
17:51 of 1st period - Shot Misses the Net.
17:53 of 1st period - Shot by Joonas Donskoi.
17:53 of 1st period - Shot Blocked by Marc Methot.
18:01 of 1st period - Shot by Lawson Crouse.
18:01 of 1st period - Stopped by Tuukka Rask without a rebound.
18:02 of 1st period - Derick Brassard wins face-off versus David Krejci in Senators zone.
18:02 of 1st period - Derick Brassard is hit by Richard Panik.
18:31 of 1st period - Shot by Mark Stone.
18:31 of 1st period - Shot Misses the Net.
18:33 of 1st period - Shot by Michael Stone.
18:33 of 1st period - Shot Misses the Net.
18:35 of 1st period - Shot by Zbynek Michalek.
18:35 of 1st period - Shot Misses the Net.
18:37 of 1st period - Shot by Brayden Schenn.
18:37 of 1st period - Stopped by Craig Anderson without a rebound.
18:38 of 1st period - Bobby Ryan wins face-off versus Jordan Staal in MapleLeafs zone.
19:05 of 1st period - Shot by Jordan Staal.
19:05 of 1st period - Stopped by Tuukka Rask with a rebound.
19:39 of 1st period - Shot by Nazem Kadri.
19:39 of 1st period - Shot Blocked by Kevin Bieksa.
19:41 of 1st period - Shot by Brandon Montour.
19:41 of 1st period - Shot Misses the Net.
Goals for this period are 2 for Senators vs 0 for MapleLeafs.
Shots for this period are 19 for Senators vs 18 for MapleLeafs.

2nd period


0:01 of 2nd period - Derick Brassard wins face-off versus David Krejci in neutral zone.
0:10 of 2nd period - Alexey Marchenko is hit by Derick Brassard and loses puck.
0:23 of 2nd period - Shot by Mark Stone.
0:23 of 2nd period - Shot Misses the Net.
0:25 of 2nd period - Shot by Michael Stone.
0:25 of 2nd period - Shot Misses the Net.
0:27 of 2nd period - Shot by Zbynek Michalek.
0:27 of 2nd period - Shot Misses the Net.
1:38 of 2nd period - Icing by Andreas Athanasiou.
1:39 of 2nd period - Tyler Seguin wins face-off versus Nazem Kadri in MapleLeafs zone.
1:44 of 2nd period - Shot by Drew Doughty.
1:44 of 2nd period - Stopped by Craig Anderson with a rebound.
1:47 of 2nd period - Icing by Milan Lucic.
1:48 of 2nd period - Derick Brassard wins face-off versus Nazem Kadri in MapleLeafs zone.
2:38 of 2nd period - Scott Laughton is hit by Tyler Seguin and loses puck.
2:53 of 2nd period - Shot by Tyler Seguin.
2:53 of 2nd period - Deflect By Mike Hoffman.
2:53 of 2nd period - Stopped by Craig Anderson without a rebound.
2:54 of 2nd period - David Krejci wins face-off versus Anton Lander in MapleLeafs zone.
3:29 of 2nd period - Icing by Alexey Marchenko.
3:30 of 2nd period - David Krejci wins face-off versus Bobby Ryan in MapleLeafs zone.
4:07 of 2nd period - Shot by Mike Hoffman.
4:07 of 2nd period - Shot Misses the Net.
5:33 of 2nd period - Shot by Brandon Montour.
5:33 of 2nd period - Stopped by Tuukka Rask without a rebound.
5:34 of 2nd period - Jordan Staal wins face-off versus Tyler Seguin in Senators zone.
5:51 of 2nd period - Shot by Tyler Seguin.
5:51 of 2nd period - Stopped by Craig Anderson without a rebound.
5:52 of 2nd period - Brayden Schenn wins face-off versus David Krejci in MapleLeafs zone.
6:14 of 2nd period - Icing by Marc Methot.
6:15 of 2nd period - Derick Brassard wins face-off versus Nazem Kadri in Senators zone.
6:19 of 2nd period - Off-side.
6:20 of 2nd period - Nazem Kadri wins face-off versus Tyler Seguin in neutral zone.
7:15 of 2nd period - Shot by David Krejci.
7:15 of 2nd period - Shot Blocked by Michael Stone.
7:34 of 2nd period - Icing by Karl Alzner.
7:35 of 2nd period - Derick Brassard wins face-off versus David Krejci in MapleLeafs zone.
7:46 of 2nd period - Karl Alzner is hit by Derick Brassard and loses puck.
7:54 of 2nd period - Icing by Nick Leddy.
7:55 of 2nd period - David Krejci wins face-off versus Anton Lander in MapleLeafs zone.
8:14 of 2nd period - Shot by Drew Miller.
8:14 of 2nd period - Stopped by Craig Anderson without a rebound.
8:15 of 2nd period - Derick Brassard wins face-off versus Nazem Kadri in MapleLeafs zone.
8:16 of 2nd period - Shot by Mark Stone.
8:16 of 2nd period - Shot Misses the Net.
8:18 of 2nd period - Shot by Brayden Schenn.
8:18 of 2nd period - Shot Misses the Net.
8:22 of 2nd period - Shot by Jason Garrison.
8:22 of 2nd period - Shot Misses the Net.
8:24 of 2nd period - Shot by Brayden Schenn.
8:24 of 2nd period - Goal by Brayden Schenn - Senators : 3 - MapleLeafs : 0.
8:25 of 2nd period - Derick Brassard wins face-off versus Jordan Staal in neutral zone.
8:31 of 2nd period - Mark Stone is hit by Alexei Emelin.
8:37 of 2nd period - Shot by Brayden Schenn.
8:37 of 2nd period - Shot Hit the Post.
8:39 of 2nd period - Shot by Brayden Schenn.
8:39 of 2nd period - Shot Misses the Net.
8:41 of 2nd period - Shot by Marc Methot.
8:41 of 2nd period - Shot Misses the Net.
9:21 of 2nd period - Shot by Drew Miller.
9:21 of 2nd period - Deflect By Lauri Korpikoski.
9:21 of 2nd period - Stopped by Craig Anderson with a rebound.
9:29 of 2nd period - Shot by Anton Lander.
9:29 of 2nd period - Shot Misses the Net.
9:43 of 2nd period - Shot by Lauri Korpikoski.
9:43 of 2nd period - Stopped by Craig Anderson without a rebound.
9:44 of 2nd period - Tyler Seguin wins face-off versus Nazem Kadri in MapleLeafs zone.
10:04 of 2nd period - Shot by Mike Hoffman.
10:04 of 2nd period - Shot Hit the Post.
10:06 of 2nd period - Shot by Tyler Seguin.
10:06 of 2nd period - Shot Blocked by Alexey Marchenko.
10:08 of 2nd period - Shot by Tyler Seguin.
10:08 of 2nd period - Shot Misses the Net.
10:10 of 2nd period - Shot by Mike Hoffman.
10:10 of 2nd period - Stopped by Craig Anderson without a rebound.
10:11 of 2nd period - Derick Brassard wins face-off versus David Krejci in MapleLeafs zone.
10:36 of 2nd period - Shot by Brayden Schenn.
10:36 of 2nd period - Stopped by Craig Anderson with a rebound.
11:13 of 2nd period - Shot by Lauri Korpikoski.
11:13 of 2nd period - Deflect By Anton Lander.
11:13 of 2nd period - Shot Blocked by Nick Leddy.
11:21 of 2nd period - Shot by Anton Lander.
11:21 of 2nd period - Shot Misses the Net.
12:36 of 2nd period - Shot by Lawson Crouse.
12:36 of 2nd period - Stopped by Tuukka Rask without a rebound.
12:37 of 2nd period - Jordan Staal wins face-off versus Derick Brassard in Senators zone.
12:46 of 2nd period - Shot by Jordan Staal.
12:46 of 2nd period - Stopped by Tuukka Rask without a rebound.
12:47 of 2nd period - Jordan Staal wins face-off versus Derick Brassard in Senators zone.
12:58 of 2nd period - Shot by Scott Laughton.
12:58 of 2nd period - Goal by Scott Laughton - Senators : 3 - MapleLeafs : 1.
12:59 of 2nd period - Mikael Backlund wins face-off versus Anton Lander in neutral zone.
13:09 of 2nd period - Kevin Bieksa is hit by Mikael Backlund and loses puck.
13:15 of 2nd period - Kevin Bieksa is hit by Karl Alzner and loses puck.
13:16 of 2nd period - Kevin Bieksa from Senators is injured at 13:16 of 2nd period (Bruised Left Arm).
13:17 of 2nd period - Derick Brassard wins face-off versus Nazem Kadri in MapleLeafs zone.
13:28 of 2nd period - Shot by Milan Lucic.
13:28 of 2nd period - Shot Blocked by Marc Methot.
13:31 of 2nd period - Icing by Drew Doughty.
13:32 of 2nd period - Derick Brassard wins face-off versus David Krejci in Senators zone.
13:32 of 2nd period - Derick Brassard is hit by Richard Panik.
13:35 of 2nd period - Mark Stone is hit by Richard Panik and loses puck.
13:52 of 2nd period - Shot by Brayden Schenn.
13:52 of 2nd period - Shot Misses the Net.
14:18 of 2nd period - Alexei Emelin is hit by Bobby Ryan.
15:28 of 2nd period - Shot by Nick Leddy.
15:28 of 2nd period - Stopped by Tuukka Rask with a rebound.
15:30 of 2nd period - Shot by Karl Alzner.
15:30 of 2nd period - Stopped by Tuukka Rask without a rebound.
15:31 of 2nd period - Jordan Staal wins face-off versus Brayden Schenn in Senators zone.
15:46 of 2nd period - Brent Seabrook is hit by Mark Stone and loses puck.
15:57 of 2nd period - Shot by Brayden Schenn.
15:57 of 2nd period - Stopped by Craig Anderson without a rebound.
15:58 of 2nd period - Mikael Backlund wins face-off versus Tyler Seguin in MapleLeafs zone.
16:00 of 2nd period - Icing by Nick Leddy.
16:01 of 2nd period - Mikael Backlund wins face-off versus Tyler Seguin in MapleLeafs zone.
17:02 of 2nd period - Shot by Andreas Athanasiou.
17:02 of 2nd period - Stopped by Tuukka Rask without a rebound.
17:03 of 2nd period - Jordan Staal wins face-off versus Anton Lander in Senators zone.
17:03 of 2nd period - Reilly Smith is hit by Drew Doughty and loses puck.
17:09 of 2nd period - Icing by Drew Doughty.
17:10 of 2nd period - Jordan Staal wins face-off versus Lauri Korpikoski in Senators zone.
17:11 of 2nd period - Shot by Reilly Smith.
17:11 of 2nd period - Shot Misses the Net.
17:13 of 2nd period - Shot by Jordan Staal.
17:13 of 2nd period - Shot Misses the Net.
17:31 of 2nd period - Drew Doughty is hit by Jordan Staal and loses puck.
17:48 of 2nd period - Scott Laughton is hit by Drew Miller and loses puck.
18:19 of 2nd period - Zbynek Michalek is hit by Scott Laughton and loses puck.
18:35 of 2nd period - Brayden Schenn beats up Milan Lucic.
18:35 of 2nd period - Penalty to Milan Lucic for Fighting.
18:35 of 2nd period - Penalty to Brayden Schenn for Fighting.
18:36 of 2nd period - David Krejci wins face-off versus Tyler Seguin in Senators zone.
18:39 of 2nd period - Shot by David Krejci.
18:39 of 2nd period - Stopped by Tuukka Rask without a rebound.
18:40 of 2nd period - Tyler Seguin wins face-off versus Nazem Kadri in Senators zone.
18:49 of 2nd period - Shot by Drew Doughty.
18:49 of 2nd period - Shot Misses the Net.
Goals for this period are 1 for Senators vs 1 for MapleLeafs.
Shots for this period are 10 for Senators vs 8 for MapleLeafs.

3rd period


0:01 of 3rd period - Derick Brassard wins face-off versus Nazem Kadri in neutral zone.
0:01 of 3rd period - Mark Stone is hit by Nazem Kadri and loses puck.
0:30 of 3rd period - Shot by Derick Brassard.
0:30 of 3rd period - Shot Misses the Net.
0:36 of 3rd period - Shot by Derick Brassard.
0:36 of 3rd period - Shot Blocked by Karl Alzner.
0:58 of 3rd period - Shot by Lauri Korpikoski.
0:58 of 3rd period - Stopped by Craig Anderson without a rebound.
0:59 of 3rd period - Mikael Backlund wins face-off versus Anton Lander in MapleLeafs zone.
1:05 of 3rd period - Brent Seabrook is hit by Marc Methot and loses puck.
1:20 of 3rd period - Shot by Brent Seabrook.
1:20 of 3rd period - Stopped by Tuukka Rask with a rebound.
1:22 of 3rd period - Shot by Mikael Backlund.
1:22 of 3rd period - Stopped by Tuukka Rask without a rebound.
1:23 of 3rd period - Jordan Staal wins face-off versus Tyler Seguin in Senators zone.
1:32 of 3rd period - Shot by Reilly Smith.
1:32 of 3rd period - Stopped by Tuukka Rask without a rebound.
1:33 of 3rd period - David Krejci wins face-off versus Derick Brassard in Senators zone.
1:42 of 3rd period - Shot by Tyler Seguin.
1:42 of 3rd period - Stopped by Craig Anderson without a rebound.
1:43 of 3rd period - Jordan Staal wins face-off versus Derick Brassard in MapleLeafs zone.
2:21 of 3rd period - Off-side.
2:22 of 3rd period - Drew Miller wins face-off versus Nazem Kadri in neutral zone.
2:24 of 3rd period - Off-side.
2:25 of 3rd period - Nazem Kadri wins face-off versus Lauri Korpikoski in neutral zone.
2:49 of 3rd period - Icing by Zbynek Michalek.
2:50 of 3rd period - Anton Lander wins face-off versus Mikael Backlund in Senators zone.
2:55 of 3rd period - Shot by Michael Stone.
2:55 of 3rd period - Stopped by Craig Anderson without a rebound.
2:56 of 3rd period - Tyler Seguin wins face-off versus Joonas Donskoi in MapleLeafs zone.
2:59 of 3rd period - Shot by Mike Hoffman.
2:59 of 3rd period - Goal by Mike Hoffman - Senators : 4 - MapleLeafs : 1.
3:00 of 3rd period - Tyler Seguin wins face-off versus David Krejci in neutral zone.
3:00 of 3rd period - Tyler Seguin is hit by Richard Panik.
3:06 of 3rd period - Karl Alzner is hit by Mike Hoffman and loses puck.
3:11 of 3rd period - Shot by Bobby Ryan.
3:11 of 3rd period - Stopped by Craig Anderson with a rebound.
3:13 of 3rd period - Shot by Mike Hoffman.
3:13 of 3rd period - Stopped by Craig Anderson without a rebound.
3:14 of 3rd period - Derick Brassard wins face-off versus Nazem Kadri in MapleLeafs zone.
3:25 of 3rd period - Shot by Derick Brassard.
3:25 of 3rd period - Stopped by Craig Anderson without a rebound.
3:26 of 3rd period - Jordan Staal wins face-off versus Anton Lander in MapleLeafs zone.
3:26 of 3rd period - Jordan Staal is hit by Anton Lander.
3:46 of 3rd period - Shot by Nick Leddy.
3:46 of 3rd period - Shot Misses the Net.
3:48 of 3rd period - Shot by Karl Alzner.
3:48 of 3rd period - Shot Misses the Net.
4:23 of 3rd period - Minor Penalty to Jason Garrison for Interference.
4:24 of 3rd period - Derick Brassard wins face-off versus Andreas Athanasiou in Senators zone.
4:46 of 3rd period - Shot by Alexey Marchenko.
4:46 of 3rd period - Stopped by Tuukka Rask without a rebound.
4:47 of 3rd period - Jordan Staal wins face-off versus Derick Brassard in Senators zone.
5:17 of 3rd period - Icing by Milan Lucic.
5:18 of 3rd period - Jordan Staal wins face-off versus Anton Lander in MapleLeafs zone.
5:23 of 3rd period - Anton Lander is hit by Anthony Mantha and loses puck.
5:45 of 3rd period - Icing by Brent Seabrook.
5:46 of 3rd period - Anton Lander wins face-off versus Nazem Kadri in MapleLeafs zone.
5:46 of 3rd period - Drew Doughty is hit by Brent Seabrook and loses puck.
5:59 of 3rd period - Shot by Nazem Kadri.
5:59 of 3rd period - Deflect By Andreas Athanasiou.
5:59 of 3rd period - Shot Blocked by Drew Doughty.
6:01 of 3rd period - Shot by Richard Panik.
6:01 of 3rd period - Stopped by Tuukka Rask without a rebound.
6:02 of 3rd period - Derick Brassard wins face-off versus Nazem Kadri in Senators zone.
6:25 of 3rd period - Shot by Richard Panik.
6:25 of 3rd period - Stopped by Tuukka Rask without a rebound.
6:26 of 3rd period - Bobby Ryan wins face-off versus Mikael Backlund in Senators zone.
6:31 of 3rd period - Shot by Bobby Ryan.
6:31 of 3rd period - Stopped by Craig Anderson without a rebound.
6:32 of 3rd period - Jordan Staal wins face-off versus Tyler Seguin in MapleLeafs zone.
7:19 of 3rd period - Shot by Mark Stone.
7:19 of 3rd period - Stopped by Craig Anderson without a rebound.
7:20 of 3rd period - David Krejci wins face-off versus Derick Brassard in MapleLeafs zone.
7:53 of 3rd period - Shot by Richard Panik.
7:53 of 3rd period - Stopped by Tuukka Rask without a rebound.
7:54 of 3rd period - Anton Lander wins face-off versus Nazem Kadri in Senators zone.
8:08 of 3rd period - Off-side.
8:09 of 3rd period - Tyler Seguin wins face-off versus Mikael Backlund in neutral zone.
8:26 of 3rd period - Shot by Mikael Backlund.
8:26 of 3rd period - Stopped by Tuukka Rask with a rebound.
8:28 of 3rd period - Shot by Karl Alzner.
8:28 of 3rd period - Shot Blocked by Zbynek Michalek.
8:41 of 3rd period - Shot by Tyler Seguin.
8:41 of 3rd period - Shot Misses the Net.
9:27 of 3rd period - Shot by Nazem Kadri.
9:27 of 3rd period - Shot Misses the Net.
9:56 of 3rd period - Derick Brassard is hit by Alexey Marchenko and loses puck.
10:08 of 3rd period - Shot by Derick Brassard.
10:08 of 3rd period - Stopped by Craig Anderson with a rebound.
10:10 of 3rd period - Shot by Drew Doughty.
10:10 of 3rd period - Stopped by Craig Anderson without a rebound.
10:11 of 3rd period - Anton Lander wins face-off versus Richard Panik in MapleLeafs zone.
10:45 of 3rd period - Shot by Richard Panik.
10:45 of 3rd period - Stopped by Tuukka Rask with a rebound.
10:47 of 3rd period - Shot by Richard Panik.
10:47 of 3rd period - Shot Misses the Net.
11:08 of 3rd period - Shot by Brayden Schenn.
11:08 of 3rd period - Shot Misses the Net.
12:48 of 3rd period - Shot by Brayden Schenn.
12:48 of 3rd period - Shot Misses the Net.
13:30 of 3rd period - Shot by David Krejci.
13:30 of 3rd period - Stopped by Tuukka Rask with a rebound.
13:32 of 3rd period - Shot by Richard Panik.
13:32 of 3rd period - Shot Misses the Net.
13:38 of 3rd period - Shot by Anthony Mantha.
13:38 of 3rd period - Shot Misses the Net.
13:52 of 3rd period - Shot by Andreas Athanasiou.
13:52 of 3rd period - Stopped by Tuukka Rask without a rebound.
13:53 of 3rd period - Nazem Kadri wins face-off versus Tyler Seguin in Senators zone.
14:06 of 3rd period - Shot by Bobby Ryan.
14:06 of 3rd period - Deflect By Tyler Seguin.
14:06 of 3rd period - Shot Misses the Net.
14:22 of 3rd period - Shot by Brent Seabrook.
14:22 of 3rd period - Shot Misses the Net.
14:37 of 3rd period - Icing by Karl Alzner.
14:38 of 3rd period - Mikael Backlund wins face-off versus Anton Lander in MapleLeafs zone.
15:09 of 3rd period - Anthony Mantha is hit by Drew Miller and loses puck.
15:10 of 3rd period - Anthony Mantha from MapleLeafs is injured at 15:10 of 3rd period (Bruised Right Shoulder).
15:11 of 3rd period - David Krejci wins face-off versus Derick Brassard in MapleLeafs zone.
15:14 of 3rd period - Minor Penalty to Derick Brassard for Hooking.
15:15 of 3rd period - Jordan Staal wins face-off versus Brayden Schenn in Senators zone.
15:37 of 3rd period - Shot by Jordan Staal.
15:37 of 3rd period - Stopped by Tuukka Rask with a rebound.
15:39 of 3rd period - Shot by Jordan Staal.
15:39 of 3rd period - Stopped by Tuukka Rask without a rebound.
15:40 of 3rd period - Brayden Schenn wins face-off versus Nazem Kadri in Senators zone.
15:52 of 3rd period - Shot by Nazem Kadri.
15:52 of 3rd period - Stopped by Tuukka Rask without a rebound.
15:53 of 3rd period - Jordan Staal wins face-off versus Drew Miller in Senators zone.
16:02 of 3rd period - Shot by Jordan Staal.
16:02 of 3rd period - Shot Blocked by Marc Methot.
16:09 of 3rd period - Shot by Jordan Staal.
16:09 of 3rd period - Shot Misses the Net.
16:11 of 3rd period - Shot by Jordan Staal.
16:11 of 3rd period - Stopped by Tuukka Rask with a rebound.
16:13 of 3rd period - Shot by Jordan Staal.
16:13 of 3rd period - Goal by Jordan Staal - Senators : 4 - MapleLeafs : 2.
16:14 of 3rd period - Tyler Seguin wins face-off versus Mikael Backlund in neutral zone.
17:00 of 3rd period - Off-side.
17:01 of 3rd period - David Krejci wins face-off versus Derick Brassard in neutral zone.
17:04 of 3rd period - Shot by David Krejci.
17:04 of 3rd period - Stopped by Tuukka Rask without a rebound.
17:05 of 3rd period - Mark Stone wins face-off versus Richard Panik in Senators zone.
17:05 of 3rd period - Mark Stone is hit by Nazem Kadri.
17:30 of 3rd period - Brayden Schenn is hit by Brent Seabrook and loses puck.
17:42 of 3rd period - Minor Penalty to Brent Seabrook for Interference.
17:43 of 3rd period - Derick Brassard wins face-off versus Nazem Kadri in MapleLeafs zone.
17:50 of 3rd period - Shot by Derick Brassard.
17:50 of 3rd period - Shot Blocked by Karl Alzner.
18:06 of 3rd period - Shot by Marc Methot.
18:06 of 3rd period - Shot Misses the Net.
18:33 of 3rd period - Off-side.
18:34 of 3rd period - Tyler Seguin wins face-off versus Nazem Kadri in neutral zone.
18:37 of 3rd period - Reilly Smith is hit by Brayden Schenn.
18:43 of 3rd period - Shot by Brayden Schenn.
18:43 of 3rd period - Shot Misses the Net.
18:45 of 3rd period - Shot by Jason Garrison.
18:45 of 3rd period - Stopped by Craig Anderson without a rebound.
18:46 of 3rd period - Mikael Backlund wins face-off versus Derick Brassard in MapleLeafs zone.
18:52 of 3rd period - Icing by Drew Doughty.
18:53 of 3rd period - Nazem Kadri wins face-off versus Derick Brassard in Senators zone.
18:54 of 3rd period - Shot by Reilly Smith.
18:54 of 3rd period - Stopped by Tuukka Rask with a rebound.
19:10 of 3rd period - Shot by Nazem Kadri.
19:10 of 3rd period - Stopped by Tuukka Rask without a rebound.
19:11 of 3rd period - Tyler Seguin wins face-off versus Mikael Backlund in Senators zone.
19:22 of 3rd period - Shot by Mark Stone.
19:22 of 3rd period - Deflect By Brayden Schenn.
19:22 of 3rd period - Shot Misses the Net.
19:40 of 3rd period - Alexey Marchenko is hit by Tyler Seguin and loses puck.
Goals for this period are 1 for Senators vs 1 for MapleLeafs.
Shots for this period are 12 for Senators vs 19 for MapleLeafs.